 Dungeon Crawl Stone Soup version 0.27-a0-295-ge1136d6ca4 (webtiles) character file.

Game seed: 16990166995349059993

49 Nattfarinn the Digger (level 3, -3/20 HPs)
             Began as a Gargoyle Earth Elementalist on Feb 10, 2021.
             Slain by Sigmund
             ... wielding a +1 scythe of protection
              (6 damage)
             ... on level 2 of the Dungeon.
             The game lasted 00:04:38 (2261 turns).

Nattfarinn the Digger (Gargoyle Earth Elementalist) Turns: 2261, Time: 00:04:39

Health: -3/20      AC:  6    Str: 11    XL:     3   Next: 75%
Magic:  5/6        EV: 10    Int: 16    God:
Gold:   178        SH:  0    Dex: 10    Spells: 5/6 levels left

rFire    . . .     SeeInvis .   f - +0 dagger (venom)
rCold    . . .     Faith    .   j - +0 buckler
rNeg     + . .     Spirit   .   a - +0 leather armour
rPois    ∞         Reflect  .   (no helmet)
rElec    +         Harm     .   (no cloak)
rCorr    .         Rampage  .   (no gloves)
Will     .....                  (no boots)
Stlth    +.........             (no amulet)
HPRegen  0.06/turn              g - ring of poison resistance
MPRegen  0.10/turn              (no ring)

@: confused, flying
A: negative energy resistance 1, electricity resistance, unbreathing,
petrification resistance, miasma immunity, AC +3
a: no special abilities


You were on level 2 of the Dungeon.
You visited 1 branch of the dungeon, and saw 2 of its levels.

You collected 178 gold pieces.

Inventory:

Hand Weapons
 f - a +0 dagger of venom (weapon)
Missiles
 b - 34 stones
 d - 6 javelins (quivered)
Armour
 a - a +0 leather armour (worn)
 c - a +0 robe
 j - a +0 buckler (worn)
Jewellery
 g - a ring of poison resistance (left hand)
 l - an uncursed ring of ice {unknown}
Scrolls
 e - 4 scrolls of teleportation {unknown}
 h - a scroll of random uselessness {unknown}
 i - 2 scrolls of remove curse {unknown}
 k - 2 scrolls of fog {unknown}
 m - 2 scrolls of identify {unknown}
 n - a scroll of magic mapping {unknown}
 o - a scroll of immolation {unknown}


   Skills:
 + Level 1.4 Fighting
 * Level 2.2 Armour
 - Level 1.5 Dodging
 - Level 2.1 Stealth
 + Level 0.6 Shields
 + Level 2.4 Spellcasting
 - Level 0.7 Transmutations
 - Level 3.6 Earth Magic


You had 5 spell levels left.
You knew the following spells:

 Your Spells              Type           Power        Failure   Level
a - Sandblast             Erth           26%          9%          1

Your spell library contained the following spells:

 Spells                   Type           Power        Failure   Level
 Passwall                 Tmut/Erth      6%           24%         2
 Stone Arrow              Conj/Erth      14%          50%         3
 Petrify                  Tmut/Erth      8%           85%         4
 Lee's Rapid Deconstruct  Erth           6%           94%         5


Dungeon Overview and Level Annotations

Branches:
Dungeon (2/15)

Altars:
The Shining One

Annotations:
D:2 Sigmund


Innate Abilities, Weirdness & Mutations

You are resistant to torment.
Your stone body is resilient. (AC +3)
You are immune to poison.
You resist negative energy. (rN+)
You are resistant to electric shocks. (rElec)
You can survive without breathing.
You are immune to petrification.
You are immune to miasma.


Message History

Sigmund is nearby!
You barely miss Sigmund.
Sigmund shouts!
You block Sigmund's attack.
You hit Sigmund but do no damage.
Sigmund is poisoned.
Casting: Sandblast (safe; 9% risk of failure)
Confirm with . or Enter, or press ? or * to list all spells.
Aiming: Sandblast (safe; 9% risk of failure)
Press: ? - help, Shift-Dir - straight line, f - Sigmund
Aim: Sigmund, wielding a +1 scythe of protection and wearing a +0 robe (lightly wounded, very poisoned, 23% to evade)
The blast of sand hits Sigmund but does no damage.
Sigmund is lightly wounded.
b - 34 stones Sigmund points at you and mumbles some strange words.
You are confused.
You miss Sigmund.
Sigmund is lightly wounded.
Sigmund hits you with a +1 scythe of protection.
Sigmund gestures at himself while chanting.
Sigmund flickers and vanishes!
Deactivating autopickup; reactivate with Ctrl-A.
You barely miss something.
You hear some strange, mumbled words.
You are more confused.
You bump into the rock wall.
Something hits you but does no damage.
You miss something.
You hear some strange, mumbled words.
A puff of flame appears from out of thin air!
The puff of flame hits you.
Unknown command.
You barely miss something. Something hits you!
Ouch! That really hurt!
* * * LOW HITPOINT WARNING * * *
It was a potion of flight.
You feel very buoyant.
You fly up into the air.
Something hits you.
You die...

######............#.##.## #.#
#....#............#.##..####.#
#....#............#.##....##.#
##
#..............##.#.##....##.#
#.
#..........###)##.#.##....##.#
#. ...####'####
#.##.#.##....##.# #. ...# #.#
###...{#'##....##.# #.
...######
#.........#....##.###. ......#
#....@....'.....)..... ...##.#
#.........#.....#.###. ...##.#
#.........#####...# #. ...##.#
#.........# #...# #. ...##.#
#.........# #...# #. ...##.#
#.........#####...# #. ...##.#
######..........)># #. ###...#
###.######.### #. #.###
#########.######.#####.


There were no monsters in sight!

Vanquished Creatures
  An adder (D:1)
  A worm (D:2)
  2 dart slugs (D:1)
  2 leopard geckos (D:1)
  A ball python (D:2)
  A giant cockroach (D:2)
  A hobgoblin (D:1)
  7 kobolds
  4 bats
  2 frilled lizards
  6 goblins
  3 rats
31 creatures vanquished.

Notes
Turn   | Place    | Note
-------+----------+-------------------------------------------
     0 | D:1      | Nattfarinn the Gargoyle Earth Elementalist began the quest
                  | for the Orb.
     0 | D:1      | Reached XP level 1. HP: 10/10 MP: 3/3
   211 | D:1      | Reached skill level 1 in Armour
   212 | D:1      | Reached XP level 2. HP: 16/16 MP: 0/5
   875 | D:1      | Reached skill level 1 in Fighting
  1323 | D:2      | Reached XP level 3. HP: 20/20 MP: 6/6
  1572 | D:2      | Noticed Sigmund
  1969 | D:2      | Found a glowing golden altar of the Shining One.
  2261 | D:2      | Slain by Sigmund

Illustrated notes

Levels and vault maps discovered:
D:1:      sevenhm_arrival_forest_fort_large_4, layout_basic
D:2:      layout_basic, nicolae_tso_swordbearing_angel, uniq_sigmund

Skill      XL: |  1  2  3 |
---------------+----------+-----
Armour         | 1 2 |  2.2
Fighting       | 1 |  1.4
Dodging        | |  1.5
Stealth        | |  2.1
Shields        | |  0.6
Spellcasting   | |  2.4
Transmutations | |  0.7
Earth Magic    | |  3.6

Action                   || total
-------------------------++-------
Melee: Dagger            ||    78
Throw: Javelin           ||     6
       Stone             ||     1
 Cast: Sandblast         ||    30
  Use: Potion            ||     2
 Stab: Sleeping          ||     3
Armor: Leather armour    ||    35
Dodge: Dodged            ||    57
Block: Buckler           ||    10

Table legend: (Time is in decaauts)
 A = Elapsed time spent in this place.
 B = Non-inter-level travel time spent in this place.
 C = Inter-level travel time spent in this place.
 D = Time resting spent in this place.
 E = Time spent auto-exploring this place.
 F = Levels seen in this place.
 G = Mean time per level.
                   A        B        C        D        E       F      G
               +--------+--------+--------+--------+--------+-----+--------+
         Total |   2266 |   2117 |    149 |    602 |   1207 |   2 | 1133.0 |
       Dungeon |   2266 |   2117 |    149 |    602 |   1207 |   2 | 1133.0 |
               +--------+--------+--------+--------+--------+-----+--------+

Top non-repeatable levels by time:
     D:1: 1386 daAuts
     D:2: 880 daAuts
